 Dungeon Crawl Stone Soup version 0.30-a0-983-g7e3032bf44 (console) character file.

Game seed: 6914074275579651028

1385 Banquo the Grappler (level 9, -3/94 HPs)
             Began as a Djinni Fighter on Mar 31, 2023.
             Was a Follower of Wu Jian.
             Slain by a gnoll sergeant
             ... wielding a +3 heavy spear
              (16 damage)
             ... on level 6 of the Dungeon on Apr 1, 2023.
             The game lasted 00:15:30 (6430 turns).

Banquo the Grappler (Djinni Fighter)                Turns: 6430, Time: 00:15:30

Health: -3/94      AC:  4    Str: 21    XL:     9   Next: 0%
Gold:   218        EV: 10    Int: 15    God:    Wu Jian [*.....] SH:  4 Dex: 12

rFire   + + .      SeeInvis .      - Unarmed
rCold   x . .      Faith    .    b - +0 buckler
rNeg    . . .      Spirit   .    a - +0 scale mail
rPois   ∞          Reflect  .    d - +0 helmet
rElec   .          Rampage  .    (no cloak)
rCorr   .                        (no gloves)
Will    .....                    (boots unavailable) Stlth
                                 (no amulet)
HPRegen 0.35/turn                n - +6 ring of strength
MPRegen 0.00/turn                W - ring of wizardry

@: berserking, corroded, flying, very quick
A: sickness immunity, fire resistance 2, cold vulnerability 1, float, innate
caster, HP casting, extra vitality 1
a: Renounce Religion


You were on level 6 of the Dungeon.
You worshipped Wu Jian.
Wu Jian was aware of your devotion.
You visited 1 branch of the dungeon, and saw 6 of its levels.

You collected 218 gold pieces.

Inventory:

Hand Weapons
 i - a +3 hand axe of flaming
 k - a +0 dagger of electrocution
 o - a +4 mace
 w - a +3 scimitar of freezing
Armour
 a - a +0 scale mail (worn)
 b - a +0 buckler (worn)
 d - a +0 helmet (worn)
Magical Staves
 j - a staff of death
Jewellery
 l - a ring of positive energy
 n - a +6 ring of strength (left hand)
 S - a ring of see invisible
 W - a ring of wizardry (right hand)
Scrolls
 f - 2 scrolls of vulnerability {unknown}
 m - 4 scrolls of identify {unknown}
 p - a scroll of enchant armour {unknown}
 s - 2 scrolls of poison
 t - 3 scrolls of teleportation {unknown}
 x - a scroll of brand weapon
Potions
 c - a potion of might
 e - 2 potions of berserk rage
 g - a potion of magic {unknown}
 h - 3 potions of curing
 q - a potion of heal wounds
 r - 2 potions of haste {unknown}
 u - 2 potions of lignification {unknown}
 v - a potion of resistance {unknown}
 z - 2 potions of mutation {unknown}


   Skills:
 * Level 4.5 Fighting
 - Level 4.0 Armour
 * Level 2.2 Dodging
 * Level 3.8 Shields
 * Level 8.2 Unarmed Combat
 * Level 2.4 Spellcasting


You knew the following spells:

 Your Spells              Type           Power      Damage    Failure   Level
a - Beastly Appendage     Tmut           18%        N/A       11%         1
b - Ensorcelled Hibernat  Hex/Ice        18%        N/A       16%         2
z - Airstrike             Air            4%         2d(1-17)  69%         4
B - Blink                 Tloc           18%        N/A       16%         2
Your spell library was empty.

Dungeon Overview and Level Annotations

Branches:
Dungeon (6/15)             Temple (0/1) D:5

Altars:
Cheibriados
Qazlal
Ru
Trog
Wu Jian
Xom

Annotations:
D:2 gold in rock
D:3 2 transporters, NoOffense's ghost, amateur TrMo


Innate Abilities, Weirdness & Mutations

You are immune to sickness and miasma.
You are immune to poison.
Your flesh is very heat resistant. (rF++)
You are vulnerable to cold. (rC-)
You float through the air rather than walking.
You learn spells naturally, not from books.
Your magical power is your life essence.
You have superior vitality. (+4 MHP)


Message History

A gnoll sergeant comes into view.
It is wielding a +3 heavy spear and carrying a wand of acid (7).
The gnoll sergeant shouts!
There is a stone staircase leading up here.
You fly upwards.
There is a stone staircase leading down here.
You see here a +0 great sword.
There is a stone staircase leading down here.
You fly downwards.
There is a stone staircase leading up here.
A jelly comes into view.
The jelly quivers.
The gnoll sergeant zaps a wand.
The bolt of acid hits you!
The gnoll sergeant hits you from afar with a +3 heavy spear!
You hit the gnoll sergeant but do no damage.
The gnoll sergeant closely misses you. The jelly hits you but does no damage.
You closely miss the gnoll sergeant. The jelly hits you but does no damage.
The gnoll sergeant hits you with a +3 heavy spear.
You hit the gnoll sergeant.
The gnoll sergeant is moderately wounded.
You hit the gnoll sergeant.
The gnoll sergeant is heavily wounded.
The jelly barely misses you.
The gnoll sergeant zaps a wand.
The bolt of acid hits you. The acid corrodes you!
You barely miss the gnoll sergeant.
The gnoll sergeant is heavily wounded.
The jelly hits you but does no damage.
The gnoll sergeant hits you with a +3 heavy spear!
* * * LOW HITPOINT WARNING * * *
You hit the gnoll sergeant but do no damage.
The gnoll sergeant is heavily wounded.
The jelly jiggles.
The jelly hits you.
* * * LOW HITPOINT WARNING * * *
You are splashed with acid!
* * * LOW HITPOINT WARNING * * *
It was a potion of berserk rage.
A red film seems to cover your vision as you go berserk!
You feel yourself moving faster!
You feel mighty!
The gnoll sergeant hits you with a +3 heavy spear!
You die...

#)#..#..# #.#..#...
#)#..#....
#)#.<#.... #)##.###
#####.#....#
####...#.####.#
#........####.## #
#.##...##.).@..#.#
#.#......(.[gJ.#.##
#.#....##..)......#
#.#....##.........#
#.#.....#.###.#....#
#.#.).....# #.#....#
#........##
#.##......
###^.....####.#
....g. #####.......#
....g.


You could see a gnoll sergeant and a jelly.

Vanquished Creatures
  Eustachio (D:5)
  Menkaure (D:4)
  2 ice beasts
  2 ogres (D:6)
  A phantom (D:3)
  Blork the orc (D:5)
  A scorpion (D:4)
  3 wights (D:6)
  2 hounds
  2 orc priests (D:5)
  Terence (D:3)
  A sleepcap (D:6)
  5 gnolls
  8 adders
  2 shadow imps (D:5)
  A white imp (D:6)
  3 ufetubi
  A worm (D:4)
  3 dart slugs
  14 orcs
  6 endoplasms
  5 giant cockroaches
  8 goblins
  2 hobgoblins
  2 jackals (D:3)
  8 kobolds
  6 ball pythons
  5 bats
  6 frilled lizards
  3 rats
106 creatures vanquished.

Notes
Turn   | Place    | Note
-------+----------+-------------------------------------------
     0 | D:1      | Banquo the Djinni Fighter began the quest for the Orb.
     0 | D:1      | Reached XP level 1. HP: 20/20 MP: 0/0
    72 | D:1      | Reached XP level 2. HP: 21/25 MP: 0/0
   180 | D:1      | Found a faded altar of an unknown god.
   293 | D:1      | Reached XP level 3. HP: 6/30 MP: 0/0
   293 | D:1      | Learned a level 1 spell: Beastly Appendage
   585 | D:1      | Reached skill level 3 in Unarmed Combat
  1231 | D:2      | Reached XP level 4. HP: 35/35 MP: 0/0
  1934 | D:3      | Found a transporter.
  1936 | D:3      | Noticed NoOffense's ghost (amateur TrMo)
  1963 | D:3      | Reached skill level 1 in Spellcasting
  2019 | D:3      | Noticed a wight
  2023 | D:3      | Found a transporter.
  2693 | D:4      | Noticed a phantom
  2820 | D:4      | Reached skill level 4 in Unarmed Combat
  2903 | D:4      | Noticed a scorpion
  2906 | D:4      | Reached XP level 5. HP: 40/40 MP: 0/0
  2906 | D:4      | Learned a level 2 spell: Ensorcelled Hibernation
  3067 | D:3      | Noticed Terence
  3067 | D:3      | Found a sacrificial altar of Ru.
  3067 | D:3      | Found an ornate altar of the Wu Jian Council.
  3067 | D:3      | Found a bloodstained altar of Trog.
  3092 | D:3      | Killed Terence
  3093 | D:3      | Reached skill level 5 in Unarmed Combat
  3214 | D:3      | Became a worshipper of the Wu Jian Council
  3249 | D:3      | Killed a phantom
  3250 | D:3      | Reached XP level 6. HP: 23/46 MP: 0/0
  3412 | D:4      | Noticed Menkaure
  3424 | D:4      | Killed Menkaure
  3425 | D:4      | Reached skill level 6 in Unarmed Combat
  3425 | D:4      | Reached XP level 7. HP: 13/50 MP: 0/0
  3425 | D:4      | Learned a level 2 spell: Blink
  3723 | D:4      | Found a shimmering altar of Xom.
  3844 | D:4      | Found a snail-covered altar of Cheibriados.
  4013 | D:5      | Entered Level 5 of the Dungeon
  4062 | D:5      | Noticed Blork the orc
  4078 | D:5      | Killed Blork the orc
  4307 | D:5      | Reached skill level 1 in Dodging
  4307 | D:5      | Reached XP level 8. HP: 46/58 MP: 0/0
  4429 | D:5      | Reached * piety under Wu Jian
  4638 | D:5      | Found a stormy altar of Qazlal.
  4899 | D:5      | Found a staircase to the Ecumenical Temple.
  5256 | D:6      | Noticed Eustachio
  5351 | D:5      | Killed Eustachio
  5352 | D:5      | Reached skill level 7 in Unarmed Combat
  6107 | D:6      | Reached skill level 8 in Unarmed Combat
  6365 | D:6      | Reached XP level 9. HP: 54/63 MP: 0/0
  6365 | D:6      | Learned a level 4 spell: Airstrike
  6430 | D:6      | Slain by a gnoll sergeant

Illustrated notes

Levels and vault maps discovered:
D:1:      minmay_arrival_up_and_down, layout_loops_ring,
          hellmonk_ecumenical_altar_blasted, grunt_decor_cap
D:2:      layout_basic, hangedman_decor_push, st_stairs_12, minivault_4,
          item_on_display_a
D:3:      layout_loops_corners, nicolae_overflow_hidden_temple,
          gammafunk_ghost_mausoleum, nicolae_concentric_dashed_squares_wild,
          uniq_terence
D:4:      layout_loops_ring, kennysheep_slug_shrine,
          mainiacjoe_overflow_concentric_impassable, kennysheep_flooded_box,
          uniq_menkaure
D:5:      layout_basic, grunt_qazlal_clouds, minmay_temple_entry_from_below_a,
          uniq_blork_the_orc
D:6:      layout_basic, mainiacjoe_overflow_surrounded_room, uniq_eustachio

Skill      XL: |  1  2  3  4  5  6  7  8 |
---------------+-------------------------+-----
Unarmed Combat | 3 4 5 6 8 |  8.2
Spellcasting   | 1 2 |  2.4
Dodging        | 1 2 |  2.2
Fighting       | 4 |  4.5
Armour         | 4 |  4.0
Shields        | |  3.8

Action                     |  1- 3 |  4- 6 |  7- 9 || total
---------------------------+-------+-------+-------++-------
  Melee: Unarmed           |   164 |   161 |   245 ||   570
Ability: Lunge             |       |       |    19 ||    19
         Whirlwind         |       |       |     3 ||     3
    Use: Scroll            |       |     6 |       ||     6
         Potion            |       |       |     1 ||     1
 Armour: Scale mail        |    86 |    76 |    68 ||   230
  Dodge: Dodged            |    69 |    63 |    78 ||   210
  Block: Buckler           |    32 |    35 |    31 ||    98

Table legend: (Time is in decaauts)
 A = Elapsed time spent in this place.
 B = Non-inter-level travel time spent in this place.
 C = Inter-level travel time spent in this place.
 D = Time resting spent in this place.
 E = Time spent auto-exploring this place.
 F = Levels seen in this place.
 G = Mean time per level.
                   A        B        C        D        E       F      G
               +--------+--------+--------+--------+--------+-----+--------+
         Total |   6409 |   6028 |    381 |    484 |   4267 |   6 | 1068.2 |
       Dungeon |   6409 |   6028 |    381 |    484 |   4267 |   6 | 1068.2 |
               +--------+--------+--------+--------+--------+-----+--------+

Top non-repeatable levels by time:
     D:5: 1313 daAuts
     D:3: 1248 daAuts
     D:1: 1058 daAuts
     D:4: 1056 daAuts
     D:6: 1038 daAuts
     D:2: 695 daAuts
